 Dungeon Crawl Stone Soup version 0.28-a0-563-gf77a47075d (webtiles) character file.

Game seed: 11642884338134989039

673 flotson the Sneak (level 7, -2/55 HPs)
             Began as a Demonspawn Delver on Sept 30, 2021.
             Slain by a yak (6 damage)
             ... on level 4 of the Dungeon.
             The game lasted 00:08:53 (5461 turns).

flotson the Sneak (Demonspawn Delver)               Turns: 5461, Time: 00:08:54

Health: -2/55      AC: 11    Str: 14    XL:     7   Next: 33%
Magic:  7/7        EV: 11    Int: 12    God:
Gold:   4          SH:  0    Dex: 14    Spells: 6/6 levels left

rFire   . . .      SeeInvis .   a - +3 quarterstaff (chaos)
rCold   . . .      Faith    .   (shield currently unavailable)
rNeg    . . .      Spirit   .   u - +0 ring mail
rPois   .          Reflect  .   (no helmet)
rElec   .          Harm     .   y - +2 cloak
rCorr   .          Rampage  .   (no gloves)
Will    .....                   (no boots)
Stlth   ++........              (no amulet)
HPRegen 0.18/turn               (no ring)
MPRegen 0.10/turn               (no ring)

@: on berserk cooldown, slowed, very slow
A: hooves 2, molten scales 2
a: no special abilities


You were on level 4 of the Dungeon.
You visited 1 branch of the dungeon, and saw 5 of its levels.

You collected 199 gold pieces.
You spent 195 gold pieces at shops.

Inventory:

Hand Weapons
 a - a +3 quarterstaff of chaos (weapon)
 b - the +8 hand crossbow "Teask" {flame, Str+5 Int+2}
   (You bought it in a shop on level 3 of the Dungeon)

   Any ammunition fired from it burns those it strikes, dealing additional fire
   damage.
   Str:       It affects your strength (+5).
   Int:       It affects your intelligence (+2).
 h - a +0 war axe
 w - a +0 trident
Missiles
 i - 2 boomerangs (quivered)
 x - 19 bolts
Armour
 u - a +0 ring mail (worn)
 y - a +2 cloak (worn)
Wands
 g - a wand of digging (3)
Scrolls
 c - 5 scrolls of fog
 d - a scroll of noise {unknown}
 f - a scroll of amnesia {unknown}
 j - a scroll of acquirement {unknown}
 k - a scroll of torment {unknown}
 n - a scroll of immolation
 o - a scroll of enchant weapon
 q - a scroll of enchant armour
 s - 2 scrolls of magic mapping
Potions
 e - a potion of flight {unknown}
 l - a potion of brilliance {unknown}
 m - a potion of curing
 p - a potion of berserk rage
 t - a potion of ambrosia {unknown}
 v - 2 potions of attraction {unknown}


   Skills:
 + Level 4.4 Fighting
 + Level 3.5 Axes
 + Level 1.4 Crossbows
 - Level 1.5 Throwing
 + Level 3.0 Armour
 + Level 3.6 Dodging
 - Level 4.5 Stealth
 + Level 2.3 Evocations


You had 6 spell levels left.
You didn't know any spells.
Your spell library was empty.

Dungeon Overview and Level Annotations

Branches:
Dungeon (5/15)
 Temple: D:4-7

Altars:
Kikubaaqudgha
Okawaru
Wu Jian
The Shining One

Shops:
D:3 (

Annotations:
D:4 2 transporters, mdk's ghost, amateur GnBr


Innate Abilities, Weirdness & Mutations

You have hoof-like feet.
You are mostly covered in molten scales. (AC +3)


Message History

It was a potion of berserk rage.
A red film seems to cover your vision as you go berserk!
You feel yourself moving faster!
You feel mighty! The black mamba closely misses you.
You barely miss the black mamba. Your kick misses the black mamba.
The black mamba is severely wounded.
The black mamba barely misses you.
The black mamba bites you but does no damage.
You closely miss the black mamba.
The black mamba is severely wounded.
The black mamba closely misses you. x2
You sock the black mamba!
You kill the black mamba!
Your Crossbows skill increases to level 1!
Your Armour skill increases to level 3!
Your Evocations skill increases to level 2!
You have reached level 7!
You feel a strong urge to attack something.
You feel your anger nearly subside.
You are no longer berserk.
You are exhausted.
You feel yourself slow down.
There is a stone staircase leading up here.
The yak closely misses you.
You climb upwards.
Level annotation: 2 transporters, mdk's ghost, amateur GnBr
There is a stone staircase leading down here.
Unknown command.
As you read the scroll labelled KYBBIN YDGHEPSA, it crumbles to dust.
The creatures around you are filled with an inner flame!
It was a scroll of immolation.
The yak misses you. The yak closely misses you.
As you read the scroll labelled VUELOOWURO, it crumbles to dust.
It is a scroll of enchant weapon.
Your +2 quarterstaff of chaos glows red for a moment.
The yak gores you.
* * * LOW HITPOINT WARNING * * *
As you read the scroll labelled IRAR DAF SEYCK, it crumbles to dust.
It is a scroll of enchant armour.
Your +1 cloak glows green for a moment.
The yak gores you.
You die...

......<...............#.....©....
................#.....#..##...##.
................#...#.#..#8...8#.
................#...#.#..##...##.
.............<..#...#.#..........
###.###......^..#...#.#....[zzWZZ
#.............#...#.###########
###.###.........#...........©....
........##.....Y@...#.#.###...#.#
........##.######.....#.#.....#.#
....................###.#.#...#.#
.................#............#.#
###.####.........##.###.#.#......
#.####........................#
##.#.................#..#....###
#.(.....#......#.#####..#.#..# #
#..#.##.##.....#.....#..#.#..###


You could see a yak (inner flame).

Vanquished Creatures
  A black mamba (shapeshifter) (D:5)
  2 scorpions
  A bullfrog skeleton (D:5)
  Crazy Yiuf (D:3)
  An iguana (D:4)
  3 adders
  An ufetubus (D:4)
  An adder skeleton (D:5)
  5 dart slugs
  12 orcs
  3 ball pythons
  9 bats
  7 endoplasms
  3 giant cockroaches
  7 goblins
  11 hobgoblins
  A jackal (D:2)
  5 kobolds
  2 quokkas
  3 frilled lizards
  5 rats
  2 rat zombies (D:3)
86 creatures vanquished.

Notes
Turn   | Place    | Note
-------+----------+-------------------------------------------
     0 | D:5      | flotson the Demonspawn Delver began the quest for the Orb.
     0 | D:5      | Reached XP level 1. HP: 18/18 MP: 1/1
    25 | D:5      | Noticed an ogre
    38 | D:5      | Noticed a scorpion
   132 | D:4      | Noticed a scorpion
   260 | D:3      | Found Yresuell's Antique Weapon Emporium.
   280 | D:2      | Gained mutation: You have large cloven feet. [demonic
                  | ancestry]
   280 | D:2      | Reached XP level 2. HP: 15/24 MP: 2/2
   847 | D:1      | Reached skill level 1 in Armour
  1353 | D:2      | Gained mutation: You are partially covered in molten
                  | scales. (AC +2) [demonic ancestry]
  1353 | D:2      | Reached XP level 3. HP: 27/29 MP: 3/3
  1439 | D:2      | Found a faded altar of an unknown god.
  2607 | D:3      | Found a runed translucent door.
  2608 | D:3      | Noticed Crazy Yiuf
  2724 | D:3      | Reached XP level 4. HP: 20/35 MP: 4/4
  3148 | D:3      | Found an ancient bone altar of Kikubaaqudgha.
  3700 | D:4      | Found a transporter.
  3702 | D:4      | Found an ornate altar of the Wu Jian Council.
  3714 | D:4      | Found a transporter.
  3714 | D:4      | Noticed mdk's ghost (amateur GnBr)
  4016 | D:4      | Gained mutation: You have hoof-like feet. [demonic
                  | ancestry]
  4016 | D:4      | Reached XP level 5. HP: 27/41 MP: 5/5
  4070 | D:4      | Reached skill level 1 in Throwing
  4070 | D:4      | Reached skill level 1 in Evocations
  4752 | D:5      | Gained mutation: You are mostly covered in molten scales.
                  | (AC +3) [demonic ancestry]
  4752 | D:5      | Reached XP level 6. HP: 46/48 MP: 6/6
  4833 | D:5      | Found an iron altar of Okawaru.
  4984 | D:3      | Bought a transparent hand crossbow for 195 gold pieces
  4984 | D:3      | Identified the +8 hand crossbow "Teask" {flame, Str+5
                  | Int+2} (You bought it in a shop on level 3 of the Dungeon)
  5083 | D:3      | Killed Crazy Yiuf
  5423 | D:5      | Noticed a yak
  5425 | D:5      | Noticed a yak
  5426 | D:5      | Noticed a yak
  5426 | D:5      | Noticed a yak
  5428 | D:5      | Noticed a yak
  5428 | D:5      | Noticed a yak
  5435 | D:5      | Noticed a shapeshifter
  5435 | D:5      | a yak changed into a shapeshifter
  5435 | D:5      | Noticed a black mamba
  5435 | D:5      | a shapeshifter changed into a black mamba
  5448 | D:5      | Killed a black mamba
  5449 | D:5      | Reached skill level 1 in Crossbows
  5449 | D:5      | Reached XP level 7. HP: 12/55 MP: 7/7
  5461 | D:4      | Slain by a yak

Illustrated notes

Levels and vault maps discovered:
D:1:      lightli_arrival_flooded_house, layout_basic
D:2:      layout_basic, shapermc_ecumenical_altar_mp_highgroup
D:3:      layout_loops_cross, lemuel_zombie_altar_kikubaaqudgha, serial_shops,
          nicolae_shop_competitors_out_of_business, uniq_crazy_yiuf_cottage
D:4:      layout_basic, nzn_wu_jian_contemplation, gammafunk_ghost_mausoleum
D:5:      layout_layer_cave, lemuel_crystal_altar,
          nicolae_overflow_hidden_temple

Skill      XL: |  1  2  3  4  5  6 |
---------------+-------------------+-----
Axes           | 2 3 |  3.5
Dodging        | 2 3 |  3.6
Armour         | 1 2 3 |  3.0
Throwing       | 1 |  1.5
Evocations     | 1 2 |  2.3
Fighting       | 4 |  4.4
Crossbows      | 1 |  1.4
Stealth        | |  4.5

Action                   |  1- 3 |  4- 6 |  7- 9 || total
-------------------------+-------+-------+-------++-------
Melee: Hand axe          |   138 |    19 |       ||   157
       Kick              |    29 |    36 |       ||    65
       Trident           |       |   106 |       ||   106
       War axe           |       |    21 |       ||    21
       Quarterstaff      |       |    13 |       ||    13
 Fire: Hand crossbow     |       |     9 |       ||     9
Throw: Boomerang         |       |     1 |       ||     1
  Use: Scroll            |     2 |       |     3 ||     5
       Potion            |     1 |     4 |       ||     5
 Stab: Sleeping          |     9 |     4 |       ||    13
Armor: Leather armour    |    27 |       |       ||    27
       Ring mail         |    10 |    65 |       ||    75
Dodge: Dodged            |   105 |   102 |     3 ||   210

Table legend: (Time is in decaauts)
 A = Elapsed time spent in this place.
 B = Non-inter-level travel time spent in this place.
 C = Inter-level travel time spent in this place.
 D = Time resting spent in this place.
 E = Time spent auto-exploring this place.
 F = Levels seen in this place.
 G = Mean time per level.
                   A        B        C        D        E       F      G
               +--------+--------+--------+--------+--------+-----+--------+
         Total |   5518 |   5089 |    429 |      2 |   4190 |   5 | 1103.6 |
       Dungeon |   5518 |   5089 |    429 |      2 |   4190 |   5 | 1103.6 |
               +--------+--------+--------+--------+--------+-----+--------+

Top non-repeatable levels by time:
     D:3: 1676 daAuts
     D:4: 1516 daAuts
     D:2: 979 daAuts
     D:1: 946 daAuts
     D:5: 399 daAuts
